 Seeded DCSS version 0.25-a0-424-g80bd347 (webtiles) character file.

Game seed: 4685463770755312842, levelgen mode: deterministic

558 Buxparty the Chiller (level 7, -1/36 HPs)
             Began as a Gargoyle Ice Elementalist on Jan 20, 2020.
             Was an Initiate of Gozag.
             Slain by an ice beast (13 damage)
             ... on level 4 of the Dungeon.
             The game lasted 00:22:38 (4639 turns).

Buxparty the Chiller (Gargoyle Ice Elementalist)    Turns: 4639, Time: 00:22:41

Health: -1/36      AC:  7    Str: 12 (13) XL:     7   Next: 31%
Magic:  12/12      EV: 12    Int: 15 (16) God:    Gozag
Gold:   48         SH:  0    Dex:  8 (10) Spells: 9/13 levels left

rFire    . . .     SeeInvis +   a - +0 club
rCold    . . .     Gourm    .   (no shield)
rNeg     + . .     Faith    .   m - +0 leather armour
rPois    ∞         Spirit   .   (no helmet)
rElec    +         Reflect  .   (no cloak)
rCorr    .         Harm     .   (no gloves)
MR       .....                  (no boots)
Stlth    +.........             (no amulet)
HPRegen  0.12/turn              x - ring of see invisible
MPRegen  0.13/turn              (no ring)

@: about to teleport
A: negative energy resistance 1, electricity resistance, unbreathing,
petrification resistance, rot immunity, AC +4
a: Potion Petition, Call Merchant, Bribe Branch, Renounce Religion


You were on level 4 of the Dungeon.
You worshipped Gozag.
Gozag was noncommittal.
You were not hungry.

You visited 2 branches of the dungeon, and saw 6 of its levels.

You collected 94 gold pieces.
You paid 46 gold pieces to Gozag.

Inventory:

Hand Weapons
 a - a +0 club (weapon)
 b - a +0 hunting sling
Missiles
 e - 114 stones (quivered)
 o - 8 poisoned darts
 w - 2 atropa-tipped darts
Armour
 i - a +0 robe
 m - a +0 leather armour (worn)
Jewellery
 x - a ring of see invisible (left hand)
Scrolls
 h - 5 scrolls of identify
 j - a scroll of fog {unknown}
 l - 2 scrolls of immolation {unknown}
 q - 2 scrolls of teleportation
 r - a scroll of random uselessness {unknown}
 s - 5 scrolls of amnesia
 t - a scroll of blinking {unknown}
 u - 4 scrolls of remove curse
 v - a scroll of fear {unknown}
Potions
 d - a potion of mutation {unknown}
 f - 2 potions of cancellation {unknown}
 g - 2 potions of degeneration
 k - 2 potions of haste {unknown}
 n - 2 potions of might {unknown}
 p - 3 potions of curing {unknown}
 z - a potion of magic {unknown}
 A - 2 potions of invisibility {unknown}
 B - 2 potions of flight {unknown}
Comestibles
 c - 5 rations


   Skills:
 * Level 4.1 Slings
 + Level 1.4 Armour
 + Level 3.1 Dodging
 - Level 2.1 Stealth
 + Level 3.5 Spellcasting
 - Level 5.0 Ice Magic


You had 9 spell levels left.
You knew the following spells:

 Your Spells              Type           Power        Failure   Level  Hunger
a - Freeze                Ice            ###.         3%          1    None
b - Ozocubu's Armour      Chrm/Ice       ##......     26%         3    ###....

Your spell library contained the following spells:

 Spells                   Type           Power        Failure   Level  Hunger
 Hailstorm                Conj/Ice       ##......     65%         4    ####...
 Summon Ice Beast         Ice/Summ       ##......     65%         4    ####...


Dungeon Overview and Level Annotations

Branches:
Dungeon (5/15)             Temple (1/1) D:5

Altars:
Ashenzari
Dithmenos
Elyvilon
Fedhas
Gozag
Hepliaklqana
Kikubaaqudgha
Makhleb
Okawaru
Qazlal
Ru
Sif Muna
Trog
Uskayaw
Vehumet
Wu Jian
Yredelemnul
Zin
The Shining One

Shops:
D:4 ([}!

Annotations:
D:4 Eustachio


Innate Abilities, Weirdness & Mutations

You are resistant to torment.
Your stone body is resilient. (AC +4)
You are immune to poison.
You resist negative energy. (rN+)
You are resistant to electric shocks. (rElec)
You can survive without breathing.
You are immune to petrification.
You are immune to rotting.


Message History

The worker ant twitches its antennae in your direction.
Eustachio barely misses you.
Eustachio mumbles some strange words.
Eustachio blinks!
As you read the scroll labeled BOUNUA ROHUTI, it crumbles to dust.
You feel blessed for a moment.
It was a scroll of remove curse.
The ice beast completely misses you.
As you read the scroll labeled BAARIF ECAIG, it crumbles to dust.
You feel strangely unstable.
It was a scroll of teleportation.
The worker ant bites you. The ice beast hits you. The ice beast freezes you!
Eustachio gestures wildly while chanting.
Eustachio blinks!
The worker ant bites you but does no damage.
It was a potion of degeneration.
There was something very wrong with that liquid.
You feel weakened.
You feel dopey.
You feel clumsy.
The worker ant bites you but does no damage.
The ice beast hits you. The ice beast freezes you!
You die...
Your body crumbles into a pile of gold.

###..##.## ##..# #........#
# ##.....######..##
#$.......# ##.#.###.....##
##.#.###.. #.####...†###
####....## # ###.##...##.#
#..>.....# #(.<#....##.#
#........# ###........##.#
#........#
...........##.#####........#
.........[.....a@Y.........#
...........##.#####...(....#
...........##..# #........#
###........###.# #.$......#
.##........# #.# #........#
.........### #.# ####.#####
........#### #.# #.#
#######....# #.## #.#
#######..#...#..## #.#


You could see an ice beast and a worker ant.

Vanquished Creatures
  An ogre (D:3)
  A scorpion (D:4)
  3 crimson imps
  An orc priest (D:3)
  An iguana (D:5)
  A worker ant (D:4)
  A hound skeleton (D:5)
  A worker ant zombie (D:5)
  Robin (D:3)
  3 gnolls (D:5)
  9 adders
  A worm (D:2)
  A dart slug (D:1)
  4 leopard geckos
  5 orcs
  4 bats
  A giant cockroach (D:3)
  12 goblins
  10 hobgoblins
  4 jackals (D:3)
  2 quokkas (D:2)
  2 ball pythons (D:3)
  5 frilled lizards
  15 kobolds
  8 rats
97 creatures vanquished.

Notes
Turn   | Place    | Note
-------+----------+-------------------------------------------
     0 | D:1      | Buxparty the Gargoyle Ice Elementalist began the quest for
                  | the Orb.
     0 | D:1      | Reached XP level 1. HP: 10/10 MP: 3/3
   547 | D:1      | Reached XP level 2. HP: 15/15 MP: 1/5
   939 | D:1      | Reached skill level 1 in Slings
  1154 | D:1      | Reached XP level 3. HP: 19/19 MP: 6/6
  1565 | D:2      | Found a shadowy altar of Dithmenos.
  2182 | D:3      | Reached XP level 4. HP: 24/24 MP: 4/7
  2271 | D:3      | Found a faded altar of an unknown god.
  2592 | D:3      | Reached XP level 5. HP: 28/28 MP: 9/9
  2626 | D:3      | Noticed an ogre
  2634 | D:3      | Killed an ogre
  3067 | D:3      | Reached XP level 6. HP: 32/32 MP: 10/10
  3068 | D:3      | Noticed Robin
  3073 | D:3      | Killed Robin
  3164 | D:4      | Found Irugub's Antique Armour Shoppe.
  3191 | D:4      | Found Lanotaa's Gadget Emporium.
  3247 | D:4      | Reached skill level 5 in Ice Magic
  3375 | D:4      | Found Entukk's Antique Weapon Shoppe.
  3469 | D:4      | Noticed Eustachio
  3505 | D:4      | Found Biyrphep's Distillery.
  3517 | D:5      | Entered Level 5 of the Dungeon
  3811 | D:5      | Reached skill level 1 in Armour
  3811 | D:5      | Reached XP level 7. HP: 22/36 MP: 2/12
  4194 | D:5      | Learned a level 3 spell: Ozocubu's Armour
  4278 | D:5      | Found a staircase to the Ecumenical Temple.
  4325 | Temple   | Entered the Ecumenical Temple
  4463 | Temple   | Became a worshipper of Gozag Ym Sagoz the Greedy
  4639 | D:4      | Slain by an ice beast

Levels and vault maps discovered:
D:1:      scummos_arrival_simple_crosswalls, layout_loops_corners,
          minmay_misc_feat_pillars
D:2:      layout_loops_ring, nicolae_overflow_hidden_temple
D:3:      layout_basic, first_ration, chequers_ecumenical_altar_simple,
          uniq_robin
D:4:      layout_rooms, enter_ossuary_2, serial_shops, nicolae_shop_stone,
          nicolae_shop_competitors_out_of_business,
          nicolae_shop_competitors_out_of_business, shop, nrook_loot_triangle,
          uniq_eustachio
D:5:      layout_layer_cave, minmay_temple_entry_butterflies, serial_shops, shop
Temple:   compressed_dpeg_circular_temple

Skill      XL: |  1  2  3  4  5  6  7 |
---------------+----------------------+-----
Slings         | 1 2 3 4 |  4.1
Dodging        | 2 3 |  3.1
Spellcasting   | 3 |  3.5
Ice Magic      | 5 |  5.0
Armour         | 1 |  1.4
Stealth        | |  2.1

Action                   |  1- 3 |  4- 6 |  7- 9 || total
-------------------------+-------+-------+-------++-------
Melee: Club              |       |    30 |    20 ||    50
 Fire: Hunting sling     |    96 |   116 |    19 ||   231
 Cast: Freeze            |    27 |    55 |    13 ||    95
       Ozocubu's Armour  |       |       |     1 ||     1
  Use: Scroll            |       |     1 |     2 ||     3
       Potion            |       |       |     1 ||     1
  Eat: Chunk             |     4 |       |       ||     4
       Ration            |       |     2 |     1 ||     3
Armor: Robe              |     2 |       |       ||     2
       Leather armour    |     8 |    38 |    18 ||    64
Dodge: Dodged            |    17 |    48 |    23 ||    88

Table legend:
 A = Non-vault XP
 B = Vault XP
 C = Vault XP percentage of total XP
 D = Non-vault monster count
 E = Vault monster count
 F = Vault count percentage of total count
                 A         B        C        D         E       F
            +---------+---------+-------+---------+---------+-------
      Total |     771 |      27 |   3.4 |      90 |       7 |   7.2
            +---------+---------+-------+---------+---------+-------
        D:1 |      38 |       0 |   0.0 |      25 |       0 |   0.0
        D:2 |      43 |       0 |   0.0 |      16 |       0 |   0.0
        D:3 |     234 |      27 |  10.3 |      30 |       7 |  18.9
        D:4 |     197 |       0 |   0.0 |       8 |       0 |   0.0
        D:5 |     259 |       0 |   0.0 |      11 |       0 |   0.0
            +---------+---------+-------+---------+---------+-------
